 Dungeon Crawl Stone Soup version 0.25-a0-842-g81a31cfd23 (webtiles) character file.

Game seed: 3712276057724512664, levelgen mode: deterministic

707 wullow the Shield-Bearer (level 7, -5/55 HPs)
             Began as a Demonspawn Fighter on Apr 24, 2020.
             Was an Initiate of Okawaru.
             Slain by an orc
             ... wielding a +0 trident
              (8 damage)
             ... on level 5 of the Dungeon.
             The game lasted 00:08:59 (3593 turns).

wullow the Shield-Bearer (Demonspawn Fighter)       Turns: 3593, Time: 00:09:00

Health: -5/55      AC:  7    Str: 17    XL:     7   Next: 39%
Magic:  7/7        EV: 10    Int: 11    God:    Okawaru [......]
Gold:   189        SH: 10    Dex: 12    Spells: 6/6 levels left

rFire    . . .     SeeInvis .   p - +3 dagger (venom)
rCold    + . .     Gourm    .   c - +1 kite shield
rNeg     . . .     Faith    .   y - +0 steam dragon scales
rPois    .         Spirit   .   w - +0 helmet
rElec    .         Reflect  .   (no cloak)
rCorr    .         Harm     +   e - +0 pair of gloves
MR       +....                  (no boots)
Stlth    +.........             k - amulet of harm
HPRegen  0.18/turn              u - ring of protection from magic
MPRegen  0.10/turn              (no ring)

@: no status effects
A: cold resistance 1, powered by pain 1, freezing cloud immunity, sturdy frame 1
a: Renounce Religion


You were on level 5 of the Dungeon.
You worshipped Okawaru.
Okawaru was noncommittal.
You were not hungry.

You visited 2 branches of the dungeon, and saw 6 of its levels.

You collected 189 gold pieces.

Inventory:

Hand Weapons
 a - a +0 rapier
 b - the +6 whip of the Scavenger {flame, Dex+4 SInv, unknown}
   (You found it on level 4 of the Dungeon)

   It has been specially enchanted to burn those struck by it, causing extra
   injury to most foes and up to half again as much damage against particularly
   susceptible opponents.
   It affects your dexterity (+4).
   It lets you see invisible.
 j - a +0 short sword of draining
 p - a +3 dagger of venom (weapon)
 B - a +0 vampiric dagger
 H - a +0 hunting sling
Missiles
 g - 214 stones (quivered)
 r - 3 datura-tipped darts
 t - 16 poisoned darts
 C - 18 sling bullets
Armour
 c - a +1 kite shield (worn)
 e - a +0 pair of gloves (worn)
 w - a +0 helmet (worn)
 y - +0 steam dragon scales (worn)
Jewellery
 k - an amulet of harm (around neck)
 u - a ring of protection from magic (left hand)
Scrolls
 h - 3 scrolls of remove curse
 i - a scroll of amnesia
 l - a scroll of blinking
 n - a scroll of teleportation
 o - 2 scrolls of fog
 x - 3 scrolls of identify
 A - a scroll of enchant weapon
Potions
 d - 2 potions of might
 m - 6 potions of flight
 q - a potion of lignification
 s - 2 potions of curing
 v - 2 potions of cancellation
 G - a potion of mutation
Comestibles
 f - 8 rations


   Skills:
 + Level 4.6 Fighting
 * Level 4.8 Short Blades
 - Level 3.0 Armour
 + Level 1.0 Dodging
 * Level 5.2 Shields


You had 6 spell levels left.
You didn't know any spells.
Your spell library was empty.

Dungeon Overview and Level Annotations

Branches:
Dungeon (5/15)             Temple (1/1) D:4

Altars:
Ashenzari
Cheibriados
Dithmenos
Elyvilon
Fedhas
Gozag
Hepliaklqana
Kikubaaqudgha
Makhleb
Nemelex Xobeh
Okawaru
Qazlal
Ru
Sif Muna
Trog
Uskayaw
Wu Jian
Xom
Yredelemnul
Zin
The Shining One

Shops:
D:4 =   D:5 }


Innate Abilities, Weirdness & Mutations

Your flesh is cold resistant. (rC+)
You sometimes gain a little power by taking damage.
You are immune to freezing clouds.
Your movements are slightly less encumbered by armour. (ER -2)


Message History

You block the orc's attack. The adder closely misses you.
You hit the adder but do no damage.
The adder is poisoned.
The adder is heavily wounded.
The adder closely misses you.
You closely miss the adder.
The adder is severely wounded.
The orc hits you from afar with a +0 trident.
* * * LOW HITPOINT WARNING * * *
The adder barely misses you.
You miss the adder.
The adder is severely wounded.
The orc hits you from afar with a +0 trident.
* * * LOW HITPOINT WARNING * * *
The adder bites you.
* * * LOW HITPOINT WARNING * * *
You closely miss the adder.
The adder is almost dead.
The adder barely misses you.
The orc hits you from afar with a +0 trident!
You die...

## #...# #....>..#..
.####.### ###...........
......# #.............
...#########.............
........##...............
..#####.##.##...#........
.## #..?...#....##...#...
.###..##.......##......#
.#<...........oS@..#####
...##.#.(...)#######
.........#....#
......#.....#.oo
#####.........{Y.. #
..#.#.#$....c... .
#.#.#......... # #
..#......... # .# #.
.......


You could see an adder and an orc.

Vanquished Creatures
  An ogre (D:4)
  A centaur (D:5)
  Blork the orc (D:4)
  2 scorpions
  2 jellies (D:5)
  3 orc wizards (D:5)
  Jessica (D:2)
  An iguana (D:4)
  2 worker ants (D:4)
  Robin (D:2)
  6 adders
  An adder skeleton (D:4)
  A worm (D:2)
  A dart slug (D:1)
  3 leopard geckos
  3 orcs
  5 giant cockroaches
  2 gnoll zombies (D:2)
  10 hobgoblins
  4 jackals (D:3)
  3 quokkas
  3 ball pythons
  6 bats
  9 frilled lizards
  15 goblins
  8 kobolds
  A quokka skeleton (D:4)
  3 rats
99 creatures vanquished.

Notes
Turn   | Place    | Note
-------+----------+-------------------------------------------
     0 | D:1      | wullow the Demonspawn Fighter began the quest for the Orb.
     0 | D:1      | Reached XP level 1. HP: 18/18 MP: 1/1
   225 | D:1      | Gained mutation: Your movements are slightly less
                  | encumbered by armour. (ER -2) [demonic ancestry]
   225 | D:1      | Reached XP level 2. HP: 19/24 MP: 2/2
   492 | D:1      | Reached skill level 3 in Shields
  1202 | D:2      | Reached XP level 3. HP: 19/29 MP: 3/3
  1515 | D:2      | Noticed Jessica
  1522 | D:2      | Killed Jessica
  1522 | D:2      | Gained mutation: You sometimes gain a little power by
                  | taking damage. [demonic ancestry]
  1522 | D:2      | Reached XP level 4. HP: 35/35 MP: 4/4
  1533 | D:2      | Noticed Robin
  1577 | D:2      | Killed Robin
  1978 | D:2      | Found a basalt altar of Yredelemnul.
  2110 | D:3      | Gained mutation: Your flesh is cold resistant. (rC+)
                  | [demonic ancestry]
  2110 | D:3      | Reached XP level 5. HP: 41/41 MP: 5/5
  2696 | D:4      | Found a blossoming altar of Fedhas.
  2743 | D:4      | Reached skill level 4 in Shields
  2858 | D:4      | Found Arpheeloe's Jewellery Boutique.
  2897 | D:4      | Noticed Blork the orc
  2899 | D:4      | Gained mutation: You are immune to freezing clouds.
                  | [demonic ancestry]
  2899 | D:4      | Reached XP level 6. HP: 36/48 MP: 6/6
  2908 | D:4      | Killed Blork the orc
  3050 | D:4      | Found a staircase to the Ecumenical Temple.
  3070 | D:4      | Got a bloodstained whip
  3077 | Temple   | Entered the Ecumenical Temple
  3099 | Temple   | Became a worshipper of Warmaster Okawaru
  3294 | D:4      | Found a sparkling altar of Nemelex Xobeh.
  3294 | D:4      | Found a snail-covered altar of Cheibriados.
  3294 | D:4      | Found a shadowy altar of Dithmenos.
  3442 | D:5      | Entered Level 5 of the Dungeon
  3442 | D:5      | Found Imiz's Gadget Shoppe.
  3473 | D:5      | Reached XP level 7. HP: 44/55 MP: 7/7
  3524 | D:5      | Reached skill level 5 in Shields
  3584 | D:5      | Reached skill level 1 in Dodging
  3593 | D:5      | Slain by an orc

Levels and vault maps discovered:
D:1:      dpeg_arrival_boxes_within_box, layout_basic
D:2:      layout_rooms, lemuel_zombie_altar_yredelemnul, first_ration,
          uniq_robin, uniq_jessica
D:3:      layout_basic
D:4:      layout_basic, fedhas_altar_1,
          chequers_temple_overflow_statue_of_worship,
          minmay_temple_entry_junction_2, serial_shops,
          nicolae_shop_statue_plus, uniq_blork_the_orc
D:5:      layout_rooms, serial_shops, shop, dk_noncrumbling_4
Temple:   regret_index_temple_sphere_string

Skill      XL: |  1  2  3  4  5  6  7 |
---------------+----------------------+-----
Short Blades   | 2 3 4 |  4.8
Armour         | 3 |  3.0
Shields        | 3 4 5 |  5.2
Fighting       | 4 |  4.6
Dodging        | 1 |  1.0

Action                   |  1- 3 |  4- 6 |  7- 9 || total
-------------------------+-------+-------+-------++-------
Melee: Rapier            |    58 |       |       ||    58
       Dagger            |    50 |   163 |    43 ||   256
Throw: Stone             |       |     1 |       ||     1
  Use: Scroll            |       |    16 |       ||    16
       Potion            |       |       |     1 ||     1
  Eat: Chunk             |     2 |     6 |     1 ||     9
Armor: Scale mail        |    54 |    40 |       ||    94
       Steam dragon scal |       |     7 |    15 ||    22
Dodge: Dodged            |    24 |    44 |    18 ||    86
Block: Kite shield       |    52 |    75 |    24 ||   151

Table legend:
 A = Non-vault XP
 B = Vault XP
 C = Vault XP percentage of total XP
 D = Non-vault monster count
 E = Vault monster count
 F = Vault count percentage of total count
                 A         B        C        D         E       F
            +---------+---------+-------+---------+---------+-------
      Total |     833 |     177 |  17.5 |      82 |      17 |  17.2
            +---------+---------+-------+---------+---------+-------
        D:1 |      33 |       0 |   0.0 |      21 |       0 |   0.0
        D:2 |      81 |      81 |  50.0 |      22 |      16 |  42.1
        D:3 |      42 |       0 |   0.0 |      16 |       0 |   0.0
        D:4 |     320 |      96 |  23.1 |      13 |       1 |   7.1
        D:5 |     357 |       0 |   0.0 |      10 |       0 |   0.0
            +---------+---------+-------+---------+---------+-------
